 Dungeon Sprint DCSS version 0.26-a0-667-g92642533e4 (webtiles) character file.

Game seed: 7194695728590423534

120 olmar the Cleaver (level 9, -4/90 HPs)
             Began as a Deep Dwarf Fighter on Oct 16, 2020.
             Was an Initiate of Gozag.
             Slain by a tarantella (8 damage)
             ... summoned by a deep elf mage
             ... in the Dungeon (Sprint VI: "Thunderdome").
             The game lasted 00:04:12 (332 turns).

olmar the Cleaver (Deep Dwarf Fighter)               Turns: 332, Time: 00:04:13

Health: -4/90      AC: 11    Str: 32    XL:     9   Next: 15%
Magic:  8/8        EV: 10    Int: 10    God:    Gozag
Gold:   437        SH:  0    Dex:  8    Spells: 8/8 levels left

rFire    + . .     SeeInvis +   a - +0 war axe
rCold    . . .     Faith    .   c - +0 kite shield
rNeg     + . .     Spirit   .   b - +0 scale mail
rPois    .         Reflect  +   (no helmet)
rElec    .         Harm     .   (no cloak)
rCorr    .         Rampage  .   o - +1 pair of gloves of Wisdom {*Slow rN+ Str+4 SInv}
MR       ++...     NoTele   +   (no boots)
Stlth    ..........             k - amulet of reflection
HPRegen  0.00/turn              r - ring of the Barnacle {*Drain rC+ Str+6}
MPRegen  0.11/turn              s - ring "Yngean" {+Inv rF+ rC- MR+ Dex-4} (curse)

@: confused, non-regenerating, hasted, lightly drained, very quick
A: damage resistance, heal wounds, sense surroundings 2, no regeneration
a: Heal Wounds, Potion Petition, Call Merchant, Bribe Branch, Renounce Religion,
Evoke Invisibility


You were in the Dungeon.
You worshipped Gozag.
Gozag was aware of your devotion.
You visited 1 branch You collected 1444 gold pieces.
You spent 1007 gold pieces at shops.

Inventory:

Hand Weapons
 a - a +0 war axe (weapon)
Armour
 b - a +0 scale mail (worn)
 c - a +0 kite shield (worn)
 o - the +1 pair of gloves of Wisdom (worn) {*Slow rN+ Str+4 SInv}
   (You bought it in a shop in the Dungeon)

   It affects your strength (+4).
   It protects you from negative energy.
   It lets you see invisible.
   It may slow you when you take damage.
Jewellery
 k - an amulet of reflection (around neck)
 r - the ring of the Barnacle (left hand) {*Drain rC+ Str+6}
   (You bought it in a shop in the Dungeon)

   [ring of protection from cold]

   It affects your strength (+6).
   It protects you from cold.
   It causes draining when unequipped.
 s - the cursed ring "Yngean" (right hand) {+Inv rF+ rC- MR+ Dex-4}
   (You bought it in a shop in the Dungeon)

   [ring of dexterity]

   It affects your dexterity (-4).
   It protects you from fire.
   It makes you vulnerable to cold.
   It affects your resistance to hostile enchantments.
   It lets you turn invisible.
   It has a curse placed upon it.
Wands
 l - a wand of iceblast (3)
Scrolls
 j - 4 scrolls of blinking
 m - 3 scrolls of fog
Potions
 d - a potion of might
 g - 3 potions of haste
 h - 3 potions of magic
 i - a potion of berserk rage
 n - a potion of resistance


   Skills:
 + Level 8.9(8.7) Fighting
 + Level 12.7(12.5) Axes
 + Level 9.7(9.6) Armour
 - Level 1.1(1.0) Dodging
 + Level 7.5(7.3) Stealth
 + Level 11.0(10.9) Shields
 + Level 5.5(5.4) Evocations


You had 8 spell levels left.
You didn't know any spells.
Your spell library was empty.

Dungeon Overview and Level Annotations

Branches:
Dungeon (1/1)

Altars:
Cheibriados
Dithmenos
Fedhas
Gozag
Kikubaaqudgha
Makhleb
Okawaru
Qazlal
Ru
Sif Muna
Trog
Uskayaw
Vehumet
Wu Jian
Xom
Yredelemnul
Zin
The Shining One
Beogh
Jiyva
Lugonu

Shops:
D *[??*?*:[((!!!!


Innate Abilities, Weirdness & Mutations

You are resistant to damage.
You can heal yourself by infusing magical energy.
You passively map the area around you.
You do not regenerate.


Message History

The ufetubus hits you but does no damage. x2
Unknown command.
Okay, then.
Okay, then.
You feel yourself speed up.
The ynoxinul disappears in a puff of smoke!
The ufetubus disappears in a puff of smoke! x7
The tarantella bites you.
* * * LOW HITPOINT WARNING * * *
The tarantella bites you!
* * * LOW HITPOINT WARNING * * *
The tarantella bites you.
* * * LOW HITPOINT WARNING * * *
Unknown command.
Unknown command.
Unknown command.
Unknown command.
The tarantella bites you!
You die...
Your body crumbles into a pile of gold.

#_......._# #_........#
#_......._#
###.........###
#⌠...........⌠#
######.8..$...÷..8.###
##.__§.....)###......__
###∩...§§...8.# #.8......
##.....s.@.§...###........
#§..=e.§§s§.###...###.....
#⌠.....§e3..# #.<.# #.....
#⌠.......[.)###...###.÷...
##.....[.......###........
###∩........8.# #.8......
##∩__.....).###......__
######.8.........8.###
#⌠...........⌠#


You could see 2 deep elf magi, a sixfirhy (summoned) and 2 tarantellas.

Vanquished Creatures
  A death yak (D)
  2 deep elf magi (D)
  Sigmund (D)
  3 yaks (D)
  2 water moccasins (D)
  An orc wizard (D)
  A hell rat (D)
  An adder (D)
  An orc (D)
  2 ball pythons (D)
  2 hobgoblins (D)
17 creatures vanquished.

Notes
Turn   | Place    | Note
-------+----------+-------------------------------------------
     0 | D        | olmar the Deep Dwarf Fighter began the quest for the Orb.
     0 | D        | Reached XP level 1. HP: 20/20 MP: 1/1
     1 | D        | Found a radiant altar of Vehumet.
     2 | D        | Found a snail-covered altar of Cheibriados.
     2 | D        | Found an ornate altar of the Wu Jian Council.
     3 | D        | Found a glowing golden altar of the Shining One.
     3 | D        | Found a glowing silver altar of Zin.
     4 | D        | Found Eheisk's Identification Station.
     4 | D        | Found a shimmering blue altar of Sif Muna.
     4 | D        | Found a bloodstained altar of Trog.
     5 | D        | Found a basalt altar of Yredelemnul.
     5 | D        | Round 1.
     6 | D        | Found a blossoming altar of Fedhas.
     6 | D        | Found a sacrificial altar of Ru.
     6 | D        | Found an ancient bone altar of Kikubaaqudgha.
     6 | D        | Found Nudiobit's Premium Goods.
     6 | D        | Found Kawnoog's Weapon Rack.
     7 | D        | Found Cemimong's Miscellaneous Merchandise.
     7 | D        | Found Viotola's Basic Armour.
    10 | D        | Found a roughly hewn altar of Beogh.
    11 | D        | Found an iron altar of Okawaru.
    12 | D        | Found a corrupted altar of Lugonu.
    13 | D        | Found Ynihaip's Do-It-Yourself Clinic.
    13 | D        | Found a viscous altar of Jiyva.
    13 | D        | Found a stormy altar of Qazlal.
    13 | D        | Found Buygresa's Distillery.
    14 | D        | Found Orchobb's Bottled Wisdom.
    14 | D        | Found Ryblot's Distillery.
    26 | D        | Noticed a water moccasin
    38 | D        | Killed a water moccasin
    38 | D        | Reached skill level 5 in Fighting
    38 | D        | Reached skill level 3 in Axes
    38 | D        | Reached skill level 1 in Evocations
    38 | D        | Reached XP level 2. HP: 32/32 MP: 2/2
    38 | D        | Reached XP level 3. HP: 39/39 MP: 3/3
    38 | D        | Reached XP level 4. HP: 46/46 MP: 4/4
    43 | D        | Found a shimmering altar of Xom.
    43 | D        | Noticed a water moccasin
    45 | D        | Found a shadowy altar of Dithmenos.
    46 | D        | Found a burning altar of Makhleb.
    46 | D        | Found an opulent altar of Gozag.
    46 | D        | Found a hide-covered altar of Uskayaw.
    46 | D        | Found Effuostu's Staff Store.
    46 | D        | Found Xistaj's Magic Scroll Shop.
    49 | D        | Killed a water moccasin
    49 | D        | Reached skill level 4 in Axes
    49 | D        | Reached skill level 1 in Dodging
    49 | D        | Reached XP level 5. HP: 51/55 MP: 5/5
    50 | D        | Found Qet Disk's Must-Have Magic.
    50 | D        | Found Deutea's Magic Scroll Shop.
    57 | D        | Became a worshipper of Gozag Ym Sagoz the Greedy
    65 | D        | Found Mierch's Jewellery.
    66 | D        | Found Jom Zieh's Advanced Armour.
    68 | D        | Arena points: 12 (+12) [x2]
    78 | D        | Bought a fine graven amulet for 45 gold pieces
    78 | D        | Bought a vibrating copper ring for 45 gold pieces
    78 | D        | Bought a scorched steel ring for 45 gold pieces
    84 | D        | Identified the amulet of Qazlal's Scorn {Inacc rC+ MR+
                  | Int+4 SInv} (You bought it in a shop in the Dungeon)
    90 | D        | Identified the ring "Ochat" {Fire Int+3} (You bought it in
                  | a shop in the Dungeon)
    91 | D        | Bought an ancient platinum ring for 45 gold pieces
    91 | D        | Identified the ring of the Freezing Ancients {+Fly AC+4}
                  | (You bought it in a shop in the Dungeon)
    93 | D        | Identified the ring of the Barnacle {*Drain rC+ Str+6} (You
                  | bought it in a shop in the Dungeon)
    94 | D        | Bought a flickering granite ring for 45 gold pieces
    95 | D        | Identified the cursed ring "Yngean" {+Inv rF+ rC- MR+
                  | Dex-4} (You bought it in a shop in the Dungeon)
   104 | D        | Round 2.
   105 | D        | Noticed Sigmund
   118 | D        | Reached skill level 1 in Stealth
   122 | D        | Killed Sigmund
   122 | D        | Reached skill level 6 in Axes
   122 | D        | Reached XP level 6. HP: 42/63 MP: 4/6
   137 | D        | Arena points: 48 (+36) [x3]
   159 | D        | Bought a pair of faintly humming gloves for 332 gold pieces
   165 | D        | Identified the +1 pair of gloves of Wisdom {*Slow rN+ Str+4
                  | SInv} (You bought it in a shop in the Dungeon)
   170 | D        | Round 3.
   170 | D        | Noticed a yak
   171 | D        | Noticed a yak
   180 | D        | Noticed a yak
   185 | D        | Killed a yak
   185 | D        | Reached skill level 7 in Axes
   185 | D        | Reached skill level 5 in Stealth
   185 | D        | Reached XP level 7. HP: 37/72 MP: 7/7
   192 | D        | Killed a yak
   192 | D        | Reached skill level 8 in Axes
   192 | D        | Reached skill level 5 in Evocations
   194 | D        | Noticed a death yak
   196 | D        | Killed a yak
   196 | D        | Reached skill level 9 in Axes
   214 | D        | Killed a death yak
   214 | D        | Reached skill level 11 in Axes
   214 | D        | Reached skill level 10 in Shields
   214 | D        | Reached XP level 8. HP: 75/81 MP: 7/7
   237 | D        | Arena points: 120 (+72) [x4]
   252 | D        | Round 4.
   275 | D        | Bought an uncursed amulet of reflection for 450 gold pieces
   284 | D        | Noticed a deep elf mage
   291 | D        | Noticed a deep elf mage
   306 | D        | Killed a deep elf mage
   306 | D        | Reached skill level 12 in Axes
   306 | D        | Killed a deep elf mage
   306 | D        | Gained mutation: You passively map the area around you.
                  | [Deep Dwarf growth]
   306 | D        | Reached XP level 9. HP: 66/90 MP: 8/8
   309 | D        | Noticed a deep elf mage
   323 | D        | Noticed a sixfirhy
   327 | D        | Noticed a deep elf mage
   331 | D        | HP: 4/90 [tarantella[a deep elf mage] (5)]
   332 | D        | Slain by a tarantella

Illustrated notes

Levels and vault maps discovered:
D:        arena_sprint

Skill      XL: |  1  2  3  4  5  6  7  8 |
---------------+-------------------------+-----
Fighting       | 5 6 7 8 |  8.9
Axes           | 3 4 6 7 11 12 | 12.7
Armour         | 6 7 8 9 |  9.7
Shields        | 6 7 8 9 10 11 | 11.0
Evocations     | 1 2 4 5 |  5.5
Dodging        | 1 |  1.1
Stealth        | 4 5 7 |  7.5

Action                   |  1- 3 |  4- 6 |  7- 9 || total
-------------------------+-------+-------+-------++-------
Melee: War axe           |    16 |    32 |    44 ||    92
 Abil: Evoke Invisibilit |       |     1 |       ||     1
       Heal Wounds       |       |       |     3 ||     3
Evoke: Wand              |     3 |     3 |     1 ||     7
  Use: Potion            |     1 |     1 |     4 ||     6
 Stab: Invisible         |       |     5 |       ||     5
Armor: Scale mail        |    17 |    10 |    41 ||    68
Dodge: Dodged            |     5 |    11 |    46 ||    62
Block: Kite shield       |    16 |    23 |    52 ||    91

Table legend: (Time is in decaauts)
 A = Elapsed time spent in this place.
 B = Non-inter-level travel time spent in this place.
 C = Inter-level travel time spent in this place.
 D = Time resting spent in this place.
 E = Time spent auto-exploring this place.
 F = Levels seen in this place.
 G = Mean time per level.
                   A        B        C        D        E       F      G
               +--------+--------+--------+--------+--------+-----+--------+
         Total |    346 |    346 |      0 |      0 |      0 |   1 |  346.0 |
       Dungeon |    346 |    346 |      0 |      0 |      0 |   1 |  346.0 |
               +--------+--------+--------+--------+--------+-----+--------+

Top non-repeatable levels by time:
       D: 346 daAuts
